 Dungeon Crawl Stone Soup version 0.27.0-1-g7a089689b8 (webtiles) character file.

Game seed: 14074918884244030498

149 Sin92 the Skirmisher (level 5, -5/41 HPs)
             Began as a Demonspawn Fighter on Aug 11, 2021.
             Slain by Sigmund (10 damage)
             ... on level 3 of the Dungeon.
             The game lasted 00:02:12 (2806 turns).

Sin92 the Skirmisher (Demonspawn Fighter)           Turns: 2806, Time: 00:02:13

Health: -5/41      AC:  9    Str: 18    XL:     5   Next: 9%
Magic:  5/5        EV:  5    Int:  9    God:
Gold:   123        SH: 13    Dex: 12    Spells: 4/4 levels left

rFire    . . .     SeeInvis .   a - +0 war axe
rCold    . . .     Faith    .   c - +0 kite shield
rNeg     . . .     Spirit   .   o - +0 chain mail
rPois    .         Reflect  .   (no helmet)
rElec    .         Harm     .   (no cloak)
rCorr    .         Rampage  .   (no gloves)
Will     .....                  (no boots)
Stlth    ..........             (no amulet)
HPRegen  0.13/turn              (no ring)
MPRegen  0.09/turn              (no ring)

@: no status effects
A: hooves 1, condensation shield
a: no special abilities


You were on level 3 of the Dungeon.
You visited 1 branch of the dungeon, and saw 3 of its levels.

You collected 123 gold pieces.

Inventory:

Hand Weapons
 a - a +0 war axe (weapon)
Armour
 b - a +0 scale mail
 c - a +0 kite shield (worn)
 o - a +0 chain mail (worn)
Wands
 i - a wand of iceblast (15)
 m - a wand of mindburst (17)
Scrolls
 f - a scroll of blinking {unknown}
 g - a scroll of enchant armour {unknown}
 h - a scroll of fear {unknown}
 k - a scroll of noise {unknown}
 l - a scroll of teleportation {unknown}
 n - a scroll of amnesia {unknown}
Potions
 d - a potion of might
 e - a potion of mutation {unknown}
 j - a potion of curing
 p - a potion of flight {unknown}


   Skills:
 + Level 3.6 Fighting
 * Level 3.2 Axes
 + Level 3.2 Armour
 + Level 1.3 Dodging
 + Level 3.2 Shields


You had 4 spell levels left.
You didn't know any spells.
Your spell library contained the following spells:

 Spells                   Type           Power      Damage    Failure   Level
 Corona                   Hex            0%         N/A       100%        1
 Corpse Rot               Necr/Air       N/A        N/A       100%        2
 Ensorcelled Hibernation  Hex/Ice        0%         N/A       100%        2
 Passwall                 Tmut/Erth      0%         N/A       100%        2
 Poisonous Vapours        Pois/Air       0%         N/A       100%        2
 Swiftness                Air            0%         N/A       100%        3
 Tukima's Dance           Hex            0%         N/A       100%        3
 Freezing Cloud           Conj/Ice/Air   0%         6-21      100%        5
 Invisibility             Hex            0%         N/A       100%        6


Dungeon Overview and Level Annotations

Branches:
Dungeon (3/15)

Altars:

Annotations:
D:3 Sigmund


Innate Abilities, Weirdness & Mutations

You have large cloven feet.
A meltable shield of frost defends you. (SH +4)


Message History

Unknown command.
A bat is nearby!
You are too confused!
Unknown command.
A bat is nearby!
You are too confused!
Unknown command.
A bat is nearby!
You are too confused!
Unknown command.
A bat is nearby!
You are too confused!
Unknown command.
A bat is nearby!
It was a potion of curing.
You feel better. You block the bat's attack.
You hear some strange, mumbled words.
A magic dart appears from out of thin air!
The magic dart hits you.
You closely miss something. Your kick misses something.
You hit the bat but do no damage. You block the bat's attack.
Something hits you but does no damage. Something hits you.
You closely miss something. You kick something. You hit the bat.
The bat hits you but does no damage. Something hits you.
The bat hits you but does no damage.
You miss something. You miss the bat. You block the bat's attack.
Something hits you. The bat hits you but does no damage.
Something hits you but does no damage.
Your shield prevents you from hitting something.
You hit the bat but do no damage. You block the bat's attack. x2
Something hits you!
You barely miss something. You miss the bat.
The bat hits you but does no damage. Something hits you.
The bat hits you but does no damage. Something hits you.
You block the bat's attack.
You barely miss something. You hit the bat.
You kill the bat!
You block something's attack. Something hits you!
* * * LOW HITPOINT WARNING * * *
You hit something but do no damage. Something hits you!
You die...

.. #....♣P....8....
P♣.#+#...............
..........P.P♣..8....
.......#...♣♣P.P..♣.
........#....♣...♣♣♣
+#P....#..P♣..P..♣ ♣♣
#.........♣♣P♣P..
♣.P.###......P..P♣♣P.♣♣
♣...@..!.#+#.....♣...
#.....{....# #...P♣♣♣.P
#.......⌠..# #.P.♣..♣♣P
#.......P...# #..♣.♣§
♣♣ #..♣..........P.. ♣♣
♣ #......####....
##♣.... ....♣ . ♣...P
....P ♣


There were no monsters in sight!

Vanquished Creatures
  Terence (D:3)
  4 adders
  2 gnolls (D:3)
  2 worms (D:2)
  A dart slug (D:3)
  5 endoplasms
  2 giant cockroaches
  3 goblins
  3 hobgoblins (D:1)
  6 jackals
  3 kobolds
  A quokka (D:2)
  A ball python (D:2)
  5 bats
  4 frilled lizards
  21 rats
64 creatures vanquished.

Vanquished Creatures (others)
  11 plants (D:3)
11 creatures vanquished.

Grand Total: 75 creatures vanquished

Notes
Turn   | Place    | Note
-------+----------+-------------------------------------------
     0 | D:1      | Sin92 the Demonspawn Fighter began the quest for the Orb.
     0 | D:1      | Reached XP level 1. HP: 18/18 MP: 1/1
   190 | D:1      | Gained mutation: A meltable shield of frost defends you.
                  | (SH +4) [demonic ancestry]
   190 | D:1      | Reached XP level 2. HP: 19/24 MP: 2/2
   354 | D:1      | Found a faded altar of an unknown god.
   990 | D:2      | Gained mutation: You have large cloven feet. [demonic
                  | ancestry]
   990 | D:2      | Reached XP level 3. HP: 29/29 MP: 3/3
  1627 | D:2      | Reached skill level 1 in Dodging
  1700 | D:2      | Reached XP level 4. HP: 28/35 MP: 4/4
  2013 | D:3      | Noticed Terence
  2022 | D:3      | Killed Terence
  2407 | D:3      | Reached XP level 5. HP: 9/41 MP: 5/5
  2793 | D:3      | Noticed Sigmund
  2806 | D:3      | Slain by Sigmund

Illustrated notes

Levels and vault maps discovered:
D:1:      arrival_zaba_pyramid, layout_loops_ring,
          dreamdust_ecumenical_altar_angels_and_demons,
          chequers_serial_rivers_large_a
D:2:      layout_basic, hex_tiny, minmay_rat_hole
D:3:      wad_woods_settlement, layout_basic,
          nicolae_wu_jian_immortal_techniques, uniq_grinder, uniq_sigmund,
          uniq_terence

Skill      XL: |  1  2  3  4 |
---------------+-------------+-----
Axes           | 2 3 |  3.2
Armour         | 3 |  3.2
Shields        | 3 |  3.2
Dodging        | 1 |  1.3
Fighting       | |  3.6

Action                   |  1- 3 |  4- 6 || total
-------------------------+-------+-------++-------
Melee: War axe           |   105 |    45 ||   150
       Kick              |     8 |    10 ||    18
  Use: Potion            |       |     1 ||     1
Armor: Scale mail        |    37 |     3 ||    40
       Chain mail        |       |    22 ||    22
Dodge: Dodged            |    20 |    15 ||    35
Block: Kite shield       |    88 |    44 ||   132
